 Dungeon Crawl Stone Soup version 0.15.1-1-gfacfea3 (webtiles) character file.

114 Johnny the Chiller (level 4, -1/36 HPs)
             Began as a Demigod Ice Elementalist on Sept 25, 2014.
             Succumbed to a green death's poison arrow
             ... on Level 2 of the Dungeon.
             The game lasted 00:07:55 (3278 turns).

Johnny the Chiller (Demigod Ice Elementalist)       Turns: 3278, Time: 00:08:01

HP  -1/36        AC  6     Str 11      XL: 4   Next: 40%
MP   6/10        EV  9     Int 21      God:
Gold 142         SH  0     Dex 17      Spells:  2 memorised,  2 levels left

rFire  . . .     SeeInvis .     q - +0 cutlass (venom)
rCold  . . .     Clarity  .     t - +0 ring mail
rNeg   . . .     rCorr    .     (no shield)
rPois  .         rRot     .     (no helmet)
rElec  .         Spirit   .     s - +0 cloak
SustAb .         Warding  .     (no gloves)
rMut   .         Stasis   .     (no boots)
Gourm  .                        (no amulet)
MR     .....                    (no ring)
                                (no ring)

@: lethally poisoned, very slightly contaminated, not resistant to hostile
enchantments, unstealthy
A: no striking features
a: no special abilities


You were on level 2 of the Dungeon.
You were very hungry.

You visited 1 branch of the dungeon, and saw 3 of its levels.

You collected 142 gold pieces.

Inventory:

Hand weapons
 q - a +0 cutlass of venom (weapon)
Armour
 s - a +0 cloak (worn)
 t - a +0 ring mail (worn)
Magical devices
 a - a wand of flame (4)
Comestibles
 c - 2 bread rations
 h - 2 meat rations
Scrolls
 e - a scroll of teleportation
 j - a scroll of immolation {unknown}
 m - 2 scrolls of amnesia {unknown}
 n - 2 scrolls of remove curse
Potions
 g - 2 potions of curing
 o - a potion of brilliance {unknown}
Books
 b - a book of Frost

   Spells                             Type                      Level
   *Freeze                            Ice                          1
   Throw Frost                        Conjuration/Ice              2
   Ozocubu's Armour                   Charms/Ice                   3
   Throw Icicle                       Conjuration/Ice              4
   *Summon Ice Beast                  Ice/Summoning                4
   Condensation Shield                Ice                          4


   Skills:
 * Level 2.0 Fighting
 + Level 0.6 Armour
 * Level 2.4 Dodging
 + Level 2.3 Stealth
 * Level 2.1 Spellcasting
   Level 0.8 Conjurations
 * Level 0.1 Summonings
 * Level 3.2 Ice Magic
 + Level 0.0 Evocations


You had 2 spell levels left.
You knew the following spells:

 Your Spells              Type           Power        Failure   Level  Hunger
a - Summon Ice Beast      Ice/Summ       #.......     95%         4    #####..
b - Freeze                Ice            ###.         10%         1    #......


Dungeon Overview and Level Annotations

Branches:
Dungeon (3/15)

Annotations:
D:3 Natasha


Message History

The gnoll hits you with a spear.
There is a stone staircase leading up here.
Casting: Freeze
Confirm with . or Enter, or press ? or * to list all spells.
Okay, then.
Casting: Freeze
Confirm with . or Enter, or press ? or * to list all spells.
You miscast Summon Ice Beast.
You are very lightly contaminated with residual magic.
You sense a hostile presence.
You are feeling very hungry.
A green death comes into view.
The gnoll hits you but does no damage. The green death gestures at you.
The poison arrow hits you!
You are poisoned.
Ouch! That really hurt!
* * * LOW HITPOINT WARNING * * *
You climb upwards.
You die...

#####
##################...############
.((........#.#.#.#.#.............
##########..........#############
#####.....##.......###.......#
#.........#.........##.......##
#..........#...2.).###........#
#....###........@)....#####...#
...#####...#.......#..# #...#
#.##...##.............# #..)###
#.#.8.8.#..#.#.#.#.#..# #......
#.#.._..#######.......######.####
#.#...8.#............<.........##
#.#'...##.................[..#.##
...#####........###########..#.##
.⌠..................## #..#...


You could see a green death.

Vanquished Creatures
  2 adders (D:3)
  A giant mite (D:2)
  5 giant geckos
  4 orcs (D:3)
  10 bats
  4 giant cockroaches
  11 hobgoblins
  9 jackals
  7 kobolds
  A quokka (D:2)
  6 giant newts
  8 goblins
  11 rats
79 creatures vanquished.

Notes
Turn   | Place    | Note
--------------------------------------------------------------
     0 | D:1      | Johnny, the Demigod Ice Elementalist, began the quest for the Orb.
     0 | D:1      | Reached XP level 1. HP: 14/14 MP: 3/3
   180 | D:1      | Reached XP level 2. HP: 5/22 MP: 0/4
   470 | D:1      | Reached skill level 1 in Fighting
  1056 | D:1      | Reached skill level 3 in Ice Magic
  1285 | D:1      | Reached XP level 3. HP: 26/28 MP: 7/7
  1903 | D:2      | Found a blossoming altar of Fedhas.
  1906 | D:2      | Found a glowing silver altar of Zin.
  1914 | D:2      | Found a sparkling altar of Nemelex Xobeh.
  2159 | D:2      | Found a shattered altar of Ashenzari.
  2191 | D:2      | Found a sparkling altar of Nemelex Xobeh.
  2680 | D:3      | Reached XP level 4. HP: 29/36 MP: 2/9
  3088 | D:3      | Noticed Natasha
  3246 | D:3      | Learned a level 4 spell: Summon Ice Beast
  3276 | D:3      | Noticed a green death
  3277 | D:3      | HP: 1/36 [green death/poison arrow[miscasting Summon Ice Beast] (21)]
  3278 | D:2      | Succumbed to a green death's poison arrow

Action                   |  1- 3 |  4- 6 || total
-------------------------+-------+-------++-------
Melee: Whip              |    45 |       ||    45
       Unarmed           |     5 |       ||     5
       Dagger            |    51 |       ||    51
       Cutlass           |    34 |    42 ||    76
 Cast: Freeze            |    36 |     6 ||    42
Evoke: Wand              |       |     2 ||     2
  Use: Scroll            |     1 |     4 ||     5
 Stab: Sleeping          |     4 |       ||     4
  Eat: Chunk             |     5 |     2 ||     7
